 Dungeon Crawl Stone Soup version 0.29.1-12-g30fa7ad0bf (webtiles) character file.

Game seed: 11557485251713272202

49 wormed the Conjurer (level 3, 0/27 HPs)
             Began as a Draconian Conjurer on Dec 23, 2022.
             Succumbed to an adder's poison
             ... on level 2 of the Dungeon.
             The game lasted 00:04:43 (1808 turns).

wormed the Conjurer (Draconian Conjurer)            Turns: 1808, Time: 00:04:44

Health: 0/27       AC:  5    Str:  9    XL:     3   Next: 53%
Magic:  1/6        EV: 12    Int: 20    God:
Gold:   79         SH:  0    Dex:  9    Spells: 3/6 levels left

rFire   . . .      SeeInvis .   k - +0 dagger
rCold   . . .      Faith    .   (no shield)
rNeg    . . .      Spirit   .   (body armour unavailable)
rPois   .          Reflect  .   (helmet restricted)
rElec   .          Harm     .   (no cloak)
rCorr   .          Rampage  .   (no gloves)
Will    .....                   (no boots)
Stlth   +.........              (no amulet)
HPRegen 0.09/turn               (no ring)
MPRegen 0.10/turn               (no ring)

@: confused, lethally poisoned (0 -> 0), flying
A: AC +5, unfitting armour, cold-blooded
a: no special abilities


You were on level 2 of the Dungeon.
You visited 1 branch of the dungeon, and saw 2 of its levels.

You collected 79 gold pieces.

Inventory:

Hand Weapons
 k - a +0 dagger (weapon)
Scrolls
 b - 2 scrolls of fear {unknown}
 c - a scroll of enchant weapon {unknown}
 d - 7 scrolls of identify {unknown}
 e - a scroll of enchant armour {unknown}
 f - a scroll of noise {unknown}
 h - a scroll of silence {unknown}
 i - 2 scrolls of blinking {unknown}
 l - a scroll of amnesia {unknown}
Potions
 a - a potion of magic
 m - a potion of might {unknown}


   Skills:
 + Level 0.8 Fighting
 + Level 2.1 Dodging
 - Level 1.7 Stealth
 + Level 2.2 Spellcasting
 + Level 4.1 Conjurations
 * Level 1.3 Hexes
 * Level 1.5 Translocations


You had 3 spell levels left.
You knew the following spells:

 Your Spells              Type           Power      Damage    Failure   Level
a - Magic Dart            Conj           72%        1d6       2%          1
b - Searing Ray           Conj           36%        2d5       4%          2

Your spell library contained the following spells:

 Spells                   Type           Power      Damage    Failure   Level
 Apportation              Tloc           16%        N/A       9%          1
 Necrotise                Necr           8%         1d4       16%         1
 Summon Small Mammal      Summ           8%         N/A       16%         1
 Dazzling Flash           Conj/Hex       26%        N/A       16%         3
 Ensorcelled Hibernation  Hex/Ice        8%         N/A       19%         2
 Passwall                 Tmut/Erth      1%         N/A       24%         2
 Confusing Touch          Hex            7%         N/A       26%         3
 Swiftness                Air            2%         N/A       43%         3
 Iskenderun's Mystic Bla  Conj/Tloc      13%        2d5       43%         4
 Fulminant Prism          Conj/Hex       6%         3d7       45%         4
 Yara's Violent Unravell  Hex/Tmut       2%         3d3       97%         5
 Enfeeble                 Hex            3%         N/A       100%        7


Dungeon Overview and Level Annotations

Branches:
Dungeon (2/15)

Altars:
Okawaru

Annotations:
D:2 Sigmund


Innate Abilities, Weirdness & Mutations

Your plain brown scales are hard. (AC +5)
You cannot fit into any form of body armour.
You are cold-blooded and may be slowed by cold attacks.


Message History

You feel much better.
You feel sick. Something hits you. The adder bites you.
You are more poisoned.
The adder poisons you!
You're too confused to cast spells.
Unknown command.
You feel less confused.
You feel sick.
You feel sick.
Sigmund appears from thin air!
Reactivating autopickup.
The adder bites you but does no damage.
You feel sick.
Aiming: Searing Ray (safe; 4% risk of failure)
Press: ? - help, Q - select action, (/) - cycle Shift-Dir - straight line, f - Sigmund
Aim: Sigmund, wielding a +0 scythe and wearing a +0 robe (75% to hit)
The searing ray misses the adder.
The searing ray misses Sigmund. (Press . to maintain the ray.)
You feel sick. The adder bites you but does no damage.
Sigmund hits you from afar with a +0 scythe!
* * * LOW HITPOINT WARNING * * *
The searing ray hits the adder!
The adder is almost dead.
The searing ray hits Sigmund.
Sigmund is lightly wounded.
You feel sick. The adder bites you but does no damage.
The searing ray hits the adder!
You kill the adder!
The searing ray misses Sigmund.
You feel sick.
Sigmund hits you from afar with a +0 scythe.
* * * LOW HITPOINT WARNING * * *
The searing ray hits Sigmund!
Sigmund is moderately wounded.
You finish channelling your searing ray.
* * * LOW HITPOINT WARNING * * *
You feel sick. Sigmund casts a spell at you.
You are confused.
It was a potion of flight.
You feel very buoyant.
You fly up into the air.
You die...

#......._..# #..##.###.##
#..........#####..#.# #..#
#...............#...####.#
#......#.##.........<....#
#........##.####.........>
####..#####.# #.......<.#
#.รท# #..# #......^...
#..# ##)## #####..###.
##.# #@.# #.## #.
#####.###.## ###..# #.
#.......@.#####..... #.
#...............### #.
#................# ##.
###<.............# #..
##########.....# #####..
#.......#......
#######>.......


You could see Sigmund.

Vanquished Creatures
  2 adders
  An orc (D:2)
  4 bats (D:1)
  4 endoplasms
  A giant cockroach (D:2)
  A goblin (D:1)
  2 hobgoblins
  4 jackals
  A kobold (D:2)
  A quokka (D:2)
  2 ball pythons (D:2)
  2 frilled lizards (D:1)
25 creatures vanquished.

Vanquished Creatures (others)
  3 demonic plants (D:1)
  3 fungi (D:1)
  3 plants (D:1)
9 creatures vanquished.

Grand Total: 34 creatures vanquished

Notes
Turn   | Place    | Note
-------+----------+-------------------------------------------
     0 | D:1      | wormed the Draconian Conjurer began the quest for the Orb.
     0 | D:1      | Reached XP level 1. HP: 14/14 MP: 3/3
   336 | D:1      | Found a faded altar of an unknown god.
   400 | D:1      | Reached XP level 2. HP: 22/22 MP: 3/5
   403 | D:1      | Learned a level 2 spell: Searing Ray
   942 | D:1      | Reached skill level 1 in Translocations
  1299 | D:1      | Reached skill level 1 in Hexes
  1408 | D:2      | Reached XP level 3. HP: 27/27 MP: 1/6
  1455 | D:2      | Found an iron altar of Okawaru.
  1778 | D:2      | Noticed Sigmund
  1807 | D:2      | HP: 1/27 [poisoned by an adder]
  1808 | D:2      | Succumbed to an adder's poison

Illustrated notes

Levels and vault maps discovered:
D:1:      onia_arrival_mini_maze_b, layout_basic, shapermc_ecumenical_altar_gd
D:2:      layout_rooms, basic_altar, uniq_sigmund

Skill      XL: |  1  2  3 |
---------------+----------+-----
Translocations | 1 |  1.5
Hexes          | 1 |  1.3
Dodging        | 2 |  2.1
Fighting       | |  0.8
Stealth        | |  1.7
Spellcasting   | |  2.2
Conjurations   | |  4.1

Action                   || total
-------------------------++-------
Melee: Unarmed           ||     3
       Tailslap          ||     3
       Dagger            ||    12
 Cast: Magic Dart        ||     9
       Searing Ray       ||    18
  Use: Potion            ||     3
Armor: Skin              ||    22
Dodge: Dodged            ||    34
